 Dungeon Crawl Stone Soup version 0.30-a0-373-gd37427bb62 (webtiles) character file.

Game seed: 9848556654680459157

413 mopl the Sneak (level 6, -1/58 HPs)
             Began as an Octopode Brigand on Nov 24, 2022.
             Slain by a water moccasin (3 damage)
             ... in a sewer.
             The game lasted 00:04:12 (1851 turns).

mopl the Sneak (Octopode Brigand)                   Turns: 1851, Time: 00:04:12

Health: -1/58      AC: 23    Str: 10    XL:     6   Next: 91%
Magic:  6/6        EV:  2    Int: 16    God:
Gold:   87         SH:  0    Dex: 13    Spells: 5/5 levels left

rFire   . . .      SeeInvis .    r - +1 dagger (flame)
rCold   . . .      Faith    .    (no shield)
rNeg    . . .      Spirit   .    (helmet currently unavailable)
rPois   +          Reflect  .    (no amulet)
rElec   .          Harm     .    (no ring)
rCorr   .          Rampage  .    (no ring)
Will    .....      NoTele   +    (no ring)
Stlth   ++++......               (no ring)
HPRegen 0.29/turn                (no ring)
MPRegen 0.10/turn                (no ring)
                                 (no ring)
                                 (no ring)

@: tree-form
A: stationary, stasis, torment immunity, boosted hp, almost no armour,
(amphibious), 8 rings, (camouflage 1), (gelatinous body 1), (nimble swimmer 1),
(tentacles)
a: no special abilities


You were in a sewer.
You were a tree.
You visited 1 branch of the dungeon, and saw 3 of its levels.
You also visited: Sewer.

You collected 87 gold pieces.

Inventory:

Hand Weapons
 a - a +2 dagger
 r - a +1 dagger of flaming (weapon)
Missiles
 b - 13 poisoned darts (quivered)
 c - 2 curare-tipped darts
Magical Staves
 g - a staff of earth
 h - a staff of conjuration
 o - a staff of death
Scrolls
 d - a scroll of identify {unknown}
 f - a scroll of immolation {unknown}
 i - 4 scrolls of enchant weapon {unknown}
 j - 2 scrolls of teleportation {unknown}
 k - a scroll of blinking {unknown}
 l - a scroll of summoning {unknown}
 m - 3 scrolls of vulnerability {unknown}
 n - 2 scrolls of silence {unknown}
 q - a scroll of poison {unknown}
Potions
 s - a potion of haste {unknown}
 t - a potion of invisibility {unknown}


   Skills:
 - Level 2.0 Fighting
 - Level 2.0(3.1) Short Blades
 + Level 3.7(4.0) Long Blades
 + Level 4.3 Throwing
 - Level 1.0 Dodging
 + Level 7.8 Stealth


You had 5 spell levels left.
You didn't know any spells.
Your spell library contained the following spells:

 Spells                   Type           Power      Damage    Failure   Level
 Conjure Ball Lightning   Conj/Air       0%         3x3d7     100%        6
 Discord                  Hex            0%         N/A       100%        8
 Disjunction              Tloc           0%         N/A       100%        8


Dungeon Overview and Level Annotations

Branches:
Dungeon (3/15)              Sewer (1/1)

Altars:

Annotations:
D:2 1 runed translucent door, Crazy Yiuf


Innate Abilities, Weirdness & Mutations

You are a tree.
Your roots penetrate the ground, keeping you stationary.
You cannot be teleported.
You are immune to unholy pain and torment.
Your maximum health is greatly increased.
You cannot wear most types of armour.
((You are amphibious.))
You can wear up to eight rings at the same time.
((Your skin changes colour to match your surroundings (Stealth+).))
((Your rubbery body absorbs attacks. (AC +1, EV +1)))
((You are camouflaged when in or above water. (Stealth+)))
((You have tentacles for arms and can constrict up to eight enemies at once.))


Message History

You closely miss the water moccasin. Your grab misses the water moccasin.
The water moccasin bites you!
You closely miss the water moccasin. Your grab misses the water moccasin.
Your squeeze misses the water moccasin. The water moccasin closely misses you.
You hit the water moccasin. You burn the water moccasin.
Your grab misses the water moccasin.
The water moccasin is lightly wounded.
The water moccasin closely misses you. The water moccasin bites you.
You are poisoned.
The water moccasin poisons you!
You completely miss the water moccasin. Your grab misses the water moccasin.
You squeeze the water moccasin, but do no damage.
The water moccasin is lightly wounded.
You feel very sick. The water moccasin closely misses you.
You closely miss the water moccasin. You grab the water moccasin.
The water moccasin is lightly wounded.
You constrict the water moccasin.
You feel sick. The water moccasin bites you!
You hit the water moccasin. You burn the water moccasin.
Your squeeze misses the water moccasin.
The water moccasin is moderately wounded.
You constrict the water moccasin.
You feel sick. The water moccasin bites you!
* * * LOW HITPOINT WARNING * * *
You feel better.
You constrict the water moccasin. The water moccasin closely misses you.
The water moccasin bites you.
* * * LOW HITPOINT WARNING * * *
Really quaff
e - a potion of lignification {!q}?
Really quaff the potion of lignification?
You turn into a tree.
Your roots penetrate the ground.
You lose your grip on the water moccasin.
The water moccasin bites you but does no damage.
Unknown command.
You hit the water moccasin but do no damage.
The water moccasin is moderately wounded.
The water moccasin bites you.
* * * LOW HITPOINT WARNING * * *
You barely miss the water moccasin.
The water moccasin is moderately wounded.
The water moccasin bites you.
You die...

# # # ######## ##
###....~.### .#
###.~.....~♣S### .#
###..~.~####.~...##.)#
.###.....### ###~..~.#
..~..~..## ##....(.#
.###.....# .~~~### .#
###.~..~# ..##.)# .#
###..~~. ### $# ##
##.~.. # # ####


You could see a water moccasin.

Vanquished Creatures
  Grinder (D:3)
  An orc priest (D:3)
  Natasha (D:2)
  5 adders (D:2)
  5 worms
  A dart slug (D:2)
  3 orcs (D:3)
  10 ball pythons
  6 bats
  11 endoplasms
  5 giant cockroaches
  11 goblins
  4 hobgoblins
  7 jackals
  9 kobolds
  4 quokkas
  5 frilled lizards
  8 rats
97 creatures vanquished.

Notes
Turn   | Place    | Note
-------+----------+-------------------------------------------
     0 | D:1      | mopl the Octopode Brigand began the quest for the Orb.
     0 | D:1      | Reached XP level 1. HP: 14/14 MP: 1/1
    57 | D:1      | Reached XP level 2. HP: 14/19 MP: 2/2
   154 | D:1      | Reached skill level 1 in Long Blades
   266 | D:1      | Reached XP level 3. HP: 15/24 MP: 3/3
   296 | D:1      | You fall into a shaft and drop 1 floor!
   360 | D:2      | Reached skill level 6 in Stealth
   494 | D:2      | Reached XP level 4. HP: 29/29 MP: 4/4
   670 | D:1      | Reached skill level 2 in Long Blades
   723 | D:2      | Reached skill level 3 in Throwing
   885 | D:2      | Noticed Natasha
   888 | D:2      | Killed Natasha
   889 | D:2      | Reached XP level 5. HP: 34/34 MP: 5/5
  1027 | D:2      | Found a faded altar of an unknown god.
  1226 | D:2      | Found a runed translucent door.
  1227 | D:2      | Noticed Crazy Yiuf
  1283 | D:3      | Noticed Grinder
  1386 | D:3      | Reached skill level 7 in Stealth
  1569 | D:3      | Found a glowing drain.
  1586 | D:3      | Reached skill level 3 in Long Blades
  1595 | D:3      | Paralysed by Grinder for 4 turns
  1619 | D:3      | Paralysed by Grinder for 4 turns
  1626 | D:3      | Paralysed by Grinder for 2 turns
  1632 | D:3      | Paralysed by Grinder for 3 turns
  1642 | D:3      | Paralysed by Grinder for 4 turns
  1666 | D:3      | Paralysed by Grinder for 2 turns
  1670 | D:3      | Killed Grinder
  1671 | D:3      | Reached skill level 4 in Throwing
  1671 | D:3      | Reached XP level 6. HP: 11/39 MP: 6/6
  1712 | Sewer    | Entered a sewer
  1835 | Sewer    | Noticed a water moccasin
  1850 | Sewer    | HP: 2/58 [water moccasin (4)]
  1851 | Sewer    | Slain by a water moccasin

Illustrated notes

Levels and vault maps discovered:
D:1:      grunt_arrival_crossed_arrows, layout_rooms, roderic_serpentine_path,
          serial_bayou_pond_a
D:2:      minmay_diamond_boxcup, layout_loops_cross,
          nicolae_ecumenical_snake_handling, uniq_natasha,
          uniq_crazy_yiuf_cottage
D:3:      layout_basic, mainiacjoe_overflow_cross_hatched, portal_sewer_entry_f,
          nicolae_wormholes, uniq_grinder
Sewer:    sewer_the_moccasin

Skill      XL: |  1  2  3  4  5 |
---------------+----------------+-----
Long Blades    | 1 2 3 |  3.7
Stealth        | 6 7 |  7.8
Throwing       | 3 4 |  4.3
Fighting       | |  2.0
Short Blades   | |  2.0
Dodging        | |  1.0

Action                   |  1- 3 |  4- 6 || total
-------------------------+-------+-------++-------
Melee: Dagger            |    54 |   136 ||   190
       Constrict         |    14 |    21 ||    35
       Tentacles         |    12 |    21 ||    33
       Punch             |       |     2 ||     2
Throw: Dart              |       |    22 ||    22
  Use: Potion            |       |     3 ||     3
 Stab: Sleeping          |     9 |    30 ||    39
       Distracted        |       |     1 ||     1
Armor: Skin              |     3 |    23 ||    26
Dodge: Dodged            |    30 |    64 ||    94

Table legend: (Time is in decaauts)
 A = Elapsed time spent in this place.
 B = Non-inter-level travel time spent in this place.
 C = Inter-level travel time spent in this place.
 D = Time resting spent in this place.
 E = Time spent auto-exploring this place.
 F = Levels seen in this place.
 G = Mean time per level.
                   A        B        C        D        E       F      G
               +--------+--------+--------+--------+--------+-----+--------+
         Total |   1823 |   1759 |     64 |     65 |    937 |   4 |  455.8 |
       Dungeon |   1687 |   1623 |     64 |      0 |    892 |   3 |  562.3 |
         Sewer |    136 |    136 |      0 |     65 |     45 |   1 |  136.0 |
               +--------+--------+--------+--------+--------+-----+--------+

Top non-repeatable levels by time:
     D:2: 742 daAuts
     D:1: 502 daAuts
     D:3: 441 daAuts
   Sewer: 136 daAuts
